AAA
PORTSMOUTH ATLANTICS @ MOSCOW MULES
06/16/2060
 
TOP OF THE 1ST
Portsmouth Atlantics batting - Pitching for Moscow Mules : LHP Christian Nieminen
Pitching: LHP Christian Nieminen
Batting: RHB Kris McKay 0-0: Ball
1-0: Ball
2-0: Swinging Strike
2-1: Ball
3-1: Called Strike
3-2: Base on Balls
Batting: RHB Chase Hagarty 0-0: Ball
1-0: Called Strike
1-1: Ball
2-1: Ground out 4-3 (Groundball, 34S, EV 88.1 MPH)
Kris McKay to second
Batting: SHB Semaj Ramirez 0-0: Ball
1-0: Ground out 4-3 (Groundball, 34, EV 104.4 MPH)
Kris McKay to third
Batting: RHB Jayson Hart 0-0: Swinging Strike
0-1: DOUBLE (Flyball, 78D, EV 101.2 MPH)
Kris McKay scores
Batting: RHB Justen Brown 0-0: Called Strike
0-1: Foul Ball, location: 2F
0-2: Foul Ball, location: 2F
0-2: Foul Ball, location: 2F
0-2: Ball
1-2: Ball
2-2: Ball
3-2: Base on Balls
Batting: RHB Jericho Gurgenidze 0-0: Ground out 4-3 (Groundball, 4, EV 87.5 MPH)
Top of the 1st over - 1 run, 1 hit, 0 errors, 2 left on base; Portsmouth 1 - Moscow 0
BOTTOM OF THE 1ST
Moscow Mules batting - Pitching for Portsmouth Atlantics : RHP Turk Zander
Pitching: RHP Turk Zander
Batting: LHB Dalton Winger 0-0: Ground out 5-3 (Groundball, 5L, EV 96.9 MPH)
Batting: SHB Irv Macura 0-0: Foul Ball, location: 2F
0-1: Foul Ball, location: 2F
0-2: Foul Ball, location: 2F
0-2: Foul Ball, location: 2F
0-2: Strikes out swinging
Batting: LHB Billy Collins 0-0: Swinging Strike
0-1: Ball
1-1: Swinging Strike
1-2: Strikes out swinging, 2-3 out at first.
Bottom of the 1st over - 0 runs, 0 hits, 0 errors, 0 left on base; Portsmouth 1 - Moscow 0
TOP OF THE 2ND
Portsmouth Atlantics batting - Pitching for Moscow Mules : LHP Christian Nieminen
Batting: RHB Liam Walker 0-0: Called Strike
0-1: Foul Ball, location: 2F
0-2: Foul Ball, location: 2F
0-2: Ball
1-2: Ball
2-2: Foul Ball, location: 2F
2-2: Ball
3-2: Base on Balls
Batting: RHB Chance Stuckey Pickoff Throw to First - Out! 1-3
0-0: Ball
1-0: Called Strike
1-1: Foul Ball, location: 2F
1-2: Foul Ball, location: 2F
1-2: Ground out 5-3 (Groundball, 5, EV 84.4 MPH)
Batting: RHB Darius Brown 0-0: Swinging Strike
0-1: Ball
1-1: Foul Ball, location: 2F
1-2: Ball
2-2: Ball
3-2: Foul Ball, location: 2F
3-2: Base on Balls
Batting: RHB Kris McKay 0-0: Ball
1-0: Ball
2-0: Ball
3-0: Base on Balls
Darius Brown to second
Batting: RHB Chase Hagarty 0-0: Foul Ball, location: 2F
0-1: Called Strike
0-2: Ball
1-2: Ball
2-2: SINGLE (Groundball, 25, EV 69.4 MPH) (infield hit)
Darius Brown to third
Kris McKay to second
Batting: SHB Semaj Ramirez 0-0: SINGLE (Line Drive, 56D, EV 111.2 MPH)
Darius Brown scores
Kris McKay to third
Chase Hagarty to second
Runner from 3rd tries for Home, SAFE, throw by LF to home
Batting: RHB Jayson Hart 0-0: Called Strike
0-1: Swinging Strike
0-2: Ball
1-2: Strikes out swinging
Top of the 2nd over - 2 runs, 2 hits, 0 errors, 2 left on base; Portsmouth 3 - Moscow 0
BOTTOM OF THE 2ND
Moscow Mules batting - Pitching for Portsmouth Atlantics : RHP Turk Zander
Batting: LHB Austin Anderson 0-0: Called Strike
0-1: Swinging Strike
0-2: Ball
1-2: Ball
2-2: Ground out 5-3 (Groundball, 56, EV 101.9 MPH)
Batting: RHB Mackey Ivo 0-0: Ball
1-0: Foul Ball, location: 2F
1-1: Ground out U3 (Groundball, 3S, EV 86.9 MPH)
Batting: LHB Brian Washington 0-0: Ball
1-0: Fly out, F7 (Line Drive, 7, EV 94.4 MPH)
Bottom of the 2nd over - 0 runs, 0 hits, 0 errors, 0 left on base; Portsmouth 3 - Moscow 0
TOP OF THE 3RD
Portsmouth Atlantics batting - Pitching for Moscow Mules : LHP Christian Nieminen
Batting: RHB Justen Brown 0-0: Called Strike
0-1: Ball
1-1: Ground out 6-3 (Groundball, 6, EV 92.5 MPH)
Batting: RHB Jericho Gurgenidze 0-0: Ball
1-0: Ground out 5-3 (Groundball, 56, EV 106.2 MPH)
Batting: RHB Liam Walker 0-0: Ball
1-0: Called Strike
1-1: DOUBLE (Line Drive, 8LXD, EV 104.4 MPH)
Batting: RHB Chance Stuckey 0-0: Fly out, F7 (Line Drive, 78S, EV 99.4 MPH)
Top of the 3rd over - 0 runs, 1 hit, 0 errors, 1 left on base; Portsmouth 3 - Moscow 0
BOTTOM OF THE 3RD
Moscow Mules batting - Pitching for Portsmouth Atlantics : RHP Turk Zander
Batting: RHB DeAndrae Sainovic 0-0: Ball
1-0: SOLO HOME RUN (Flyball, 78XD, EV 113.1 MPH), Distance : 438 ft
Batting: RHB Bailey Madry 0-0: Ball
1-0: Foul Ball, location: 2F
1-1: Swinging Strike
1-2: Strikes out swinging
Batting: RHB Vince Fowler 0-0: Ball
1-0: Ball
2-0: Ground out 3-1 (Groundball, 34, EV 85.0 MPH)
Batting: LHB Dalton Winger 0-0: Called Strike
0-1: Ball
1-1: Ball
2-1: Ground out 6-3 (Groundball, 6, EV 106.9 MPH)
Bottom of the 3rd over - 1 run, 1 hit, 0 errors, 0 left on base; Portsmouth 3 - Moscow 1
TOP OF THE 4TH
Portsmouth Atlantics batting - Pitching for Moscow Mules : LHP Christian Nieminen
Batting: RHB Darius Brown 0-0: Called Strike
0-1: Foul Ball, location: 2F
0-2: Ball
1-2: SINGLE (Groundball, 5S, EV 63.8 MPH) (infield hit)
Batting: RHB Kris McKay 0-0: Ball
1-0: Called Strike
1-1: DOUBLE (Groundball, 5L, EV 106.2 MPH)
Darius Brown to third
Batting: RHB Chase Hagarty 0-0: Ball
1-0: Ground out 5-3 (Groundball, 56S, EV 84.4 MPH)
Darius Brown scores
Batting: SHB Semaj Ramirez 0-0: Called Strike
0-1: Ball
1-1: Ball
2-1: Foul Ball, location: 2F
2-2: Foul Ball, location: 2F
2-2: SINGLE (Flyball, 8RS, EV 98.1 MPH)
Kris McKay to third
Batting: RHB Jayson Hart 0-0: Ball
1-0: Swinging Strike
1-1: Ball
2-1: Foul Ball, location: 2F
2-2: Fly out, F8 (Flyball, 8LD, EV 86.9 MPH)
Runner from 3rd tags up, SCORES, throw by CF
Batting: RHB Justen Brown 0-0: Fielders Choice at 2nd, 6-4 (Groundball, 6, EV 84.4 MPH)
Top of the 4th over - 2 runs, 3 hits, 0 errors, 1 left on base; Portsmouth 5 - Moscow 1
BOTTOM OF THE 4TH
Moscow Mules batting - Pitching for Portsmouth Atlantics : RHP Turk Zander
Batting: SHB Irv Macura 0-0: Ball
1-0: Called Strike
1-1: Swinging Strike
1-2: Strikes out swinging
Batting: LHB Billy Collins 0-0: Foul Ball, location: 2F
0-1: Ground out 3-1 (Groundball, 34, EV 98.8 MPH)
Batting: LHB Austin Anderson 0-0: Ball
1-0: Ball
2-0: Called Strike
2-1: Ground out 6-3 (Groundball, 6, EV 85.0 MPH)
Bottom of the 4th over - 0 runs, 0 hits, 0 errors, 0 left on base; Portsmouth 5 - Moscow 1
TOP OF THE 5TH
Portsmouth Atlantics batting - Pitching for Moscow Mules : LHP Christian Nieminen
Batting: RHB Jericho Gurgenidze 0-0: Ball
1-0: Fly out, F8 (Line Drive, 89M, EV 96.9 MPH)
Batting: RHB Liam Walker 0-0: Called Strike
0-1: Ball
1-1: Ball
2-1: Ball
3-1: Ground out 6-3 (Groundball, 6, EV 82.5 MPH)
Batting: RHB Chance Stuckey 0-0: Ball
1-0: Fly out, F7 (Flyball, 78M, EV 76.2 MPH)
Top of the 5th over - 0 runs, 0 hits, 0 errors, 0 left on base; Portsmouth 5 - Moscow 1
BOTTOM OF THE 5TH
Moscow Mules batting - Pitching for Portsmouth Atlantics : RHP Turk Zander
Batting: RHB Mackey Ivo 0-0: Foul Ball, location: 2F
0-1: Ball
1-1: Called Strike
1-2: Ball
2-2: Strikes out swinging
Batting: LHB Brian Washington 0-0: Ball
1-0: Called Strike
1-1: SINGLE (Line Drive, 8RS, EV 95.6 MPH)
Batting: RHB DeAndrae Sainovic 0-0: Ball
1-0: Ball
Brian Washington is caught stealing 2nd base 2-4
2-0: Ground out U3 (Groundball, 13, EV 81.9 MPH)
Bottom of the 5th over - 0 runs, 1 hit, 0 errors, 0 left on base; Portsmouth 5 - Moscow 1
TOP OF THE 6TH
Portsmouth Atlantics batting - Pitching for Moscow Mules : LHP Christian Nieminen
Pitching: LHP Kameron Saar
Batting: RHB Darius Brown 0-0: Called Strike
0-1: SINGLE (Groundball, 6MD, EV 100.0 MPH)
Batting: RHB Kris McKay 0-0: SINGLE (Groundball, 25, EV 71.2 MPH) (infield hit)
Darius Brown to second
Batting: RHB Chase Hagarty 0-0: Fly out, F7 (Flyball, 7, EV 89.4 MPH)
Batting: SHB Semaj Ramirez 0-0: Foul Ball, location: 2F
0-1: Ball
1-1: Fielders Choice at 2nd, 6-4 (Groundball, 6, EV 88.1 MPH)
Darius Brown to third
Batting: RHB Jayson Hart 0-0: SINGLE (Line Drive, 9S, EV 96.9 MPH)
Darius Brown scores
Semaj Ramirez to second
Runner from 2nd tries for 3rd, SAFE, throw by RF made to third
Batting: RHB Justen Brown 0-0: Foul Ball, location: 2F
0-1: Ball
1-1: Ball
2-1: Called Strike
2-2: Reached on error, E5 (Groundball, 56, EV 79.4 MPH)
Semaj Ramirez scores
Jayson Hart to second
Batting: RHB Jericho Gurgenidze 0-0: Foul Ball, location: 2F
0-1: Fly out, F4 (Popup, 4D, EV 49.4 MPH)
Top of the 6th over - 2 runs, 3 hits, 1 error, 2 left on base; Portsmouth 7 - Moscow 1
BOTTOM OF THE 6TH
Moscow Mules batting - Pitching for Portsmouth Atlantics : RHP Turk Zander
Batting: RHB Bailey Madry 0-0: Swinging Strike
0-1: Ball
1-1: Foul Ball, location: 2F
1-2: Strikes out looking
Batting: RHB Vince Fowler 0-0: Called Strike
0-1: Swinging Strike
0-2: Ground out 6-3 (Groundball, 6, EV 104.4 MPH)
Pitching: RHP Mike Vandygriff
Batting: LHB Dalton Winger 0-0: Called Strike
0-1: Foul Ball, location: 2F
0-2: Foul Ball, location: 2F
0-2: Strikes out looking
Bottom of the 6th over - 0 runs, 0 hits, 0 errors, 0 left on base; Portsmouth 7 - Moscow 1
TOP OF THE 7TH
Portsmouth Atlantics batting - Pitching for Moscow Mules : LHP Kameron Saar
Batting: RHB Liam Walker 0-0: Ball
1-0: Ball
2-0: Swinging Strike
2-1: Ball
3-1: Swinging Strike
3-2: Base on Balls
Batting: RHB Chance Stuckey 0-0: Ball
1-0: Foul Ball, location: 2F
1-1: Swinging Strike
1-2: SINGLE (Groundball, 56S, EV 70.6 MPH) (infield hit)
Liam Walker to second
Batting: RHB Darius Brown 0-0: Ball
1-0: Ball
2-0: Ball
3-0: Base on Balls
Liam Walker to third
Chance Stuckey to second
Batting: RHB Kris McKay 0-0: Foul Ball, location: 2F
0-1: Foul Ball, location: 2F
0-2: Foul Ball, location: 2F
0-2: Fly out, F8 (Flyball, 8RXD, EV 90.6 MPH)
Runner from 3rd tags up, SCORES, no throw by CF
Chance Stuckey to third
Pinch Hitting: RHB Tyson Buoni 0-0: Swinging Strike
0-1: Ball
1-1: SINGLE (Groundball, 56D, EV 95.6 MPH)
Chance Stuckey scores
Darius Brown to second
Batting: SHB Semaj Ramirez 0-0: Ball
1-0: Fly out, F9 (Flyball, 9D, EV 103.8 MPH)
Batting: RHB Jayson Hart 0-0: Ground out 4-3 (Groundball, 4, EV 85.6 MPH)
Top of the 7th over - 2 runs, 2 hits, 0 errors, 2 left on base; Portsmouth 9 - Moscow 1
BOTTOM OF THE 7TH
Moscow Mules batting - Pitching for Portsmouth Atlantics : RHP Mike Vandygriff
Now at 1B: Henry Dunbar
Batting: SHB Irv Macura 0-0: Ball
1-0: Ball
2-0: Called Strike
2-1: Fly out, F9 (Flyball, 9, EV 96.9 MPH)
Batting: LHB Billy Collins 0-0: Called Strike
0-1: Ball
1-1: Fly out, F8 (Flyball, 8LD, EV 90.0 MPH)
Batting: LHB Austin Anderson 0-0: Called Strike
0-1: Ball
1-1: Ball
2-1: Swinging Strike
2-2: Foul Ball, location: 2F
2-2: Strikes out swinging
Bottom of the 7th over - 0 runs, 0 hits, 0 errors, 0 left on base; Portsmouth 9 - Moscow 1
TOP OF THE 8TH
Portsmouth Atlantics batting - Pitching for Moscow Mules : LHP Kameron Saar
Batting: RHB Justen Brown 0-0: Ball
1-0: Ball
2-0: Ball
3-0: Called Strike
3-1: Base on Balls
Batting: RHB Jericho Gurgenidze 0-0: Grounds into double play, 6-4-3 (Groundball, 6, EV 91.9 MPH)
Batting: RHB Liam Walker 0-0: Called Strike
0-1: Ball
1-1: Swinging Strike
1-2: Strikes out looking
Top of the 8th over - 0 runs, 0 hits, 0 errors, 0 left on base; Portsmouth 9 - Moscow 1
BOTTOM OF THE 8TH
Moscow Mules batting - Pitching for Portsmouth Atlantics : RHP Mike Vandygriff
Batting: RHB Mackey Ivo 0-0: Ball
1-0: Called Strike
1-1: SINGLE (Groundball, 56D, EV 98.1 MPH)
Batting: LHB Brian Washington 0-0: Fly out, F5 (Flyball, 5D, EV 98.1 MPH)
Batting: RHB DeAndrae Sainovic 0-0: Ball
1-0: Foul Ball, location: 2F
1-1: Called Strike
1-2: Ball
2-2: Ball
3-2: Foul Ball, location: 2F
3-2: Foul Ball, location: 2F
3-2: Base on Balls
Mackey Ivo to second
Batting: RHB Bailey Madry 0-0: Ball
1-0: Ball
2-0: Called Strike
2-1: Called Strike
2-2: Ball
3-2: Base on Balls
Mackey Ivo to third
DeAndrae Sainovic to second
Pinch Hitting: LHB Kyle Williams 0-0: Called Strike
0-1: Foul Ball, location: 2F
0-2: DOUBLE (Line Drive, 7LM, EV 97.5 MPH)
Mackey Ivo scores
DeAndrae Sainovic scores
Bailey Madry to third
Pitching: RHP Joshua Businelle
Batting: LHB Dalton Winger 0-0: Ball
1-0: SINGLE (Line Drive, 7S, EV 91.2 MPH)
Bailey Madry scores
Kyle Williams to third
Batting: SHB Irv Macura 0-0: Called Strike
0-1: Grounds into double play, 4-6-3 (Groundball, 4, EV 81.9 MPH)
Bottom of the 8th over - 3 runs, 3 hits, 0 errors, 1 left on base; Portsmouth 9 - Moscow 4
TOP OF THE 9TH
Portsmouth Atlantics batting - Pitching for Moscow Mules : LHP Kameron Saar
Pitching: RHP Justice Rasberry
Now in RF: Amar Giles
Batting: RHB Chance Stuckey 0-0: Ball
1-0: SINGLE (Flyball, 78S, EV 88.1 MPH)
Batting: RHB Darius Brown 0-0: Ball
Chance Stuckey steals 2nd base
1-0: Ball
2-0: Foul Ball, location: 2F
2-1: Called Strike
2-2: Foul Ball, location: 2F
2-2: Strikes out looking
Batting: RHB Kris McKay 0-0: Ball
1-0: Called Strike
1-1: Swinging Strike
1-2: Strikes out looking
Batting: SHB Henry Dunbar 0-0: Ball
1-0: Fly out, F8 (Flyball, 8LS, EV 90.0 MPH)
Top of the 9th over - 0 runs, 1 hit, 0 errors, 1 left on base; Portsmouth 9 - Moscow 4
BOTTOM OF THE 9TH
Moscow Mules batting - Pitching for Portsmouth Atlantics : RHP Joshua Businelle
Batting: LHB Billy Collins 0-0: Called Strike
0-1: Ball
1-1: TRIPLE (Flyball, 78XD, EV 95.0 MPH)
Batting: LHB Austin Anderson 0-0: Ball
1-0: Ball
2-0: Ball
3-0: Base on Balls
Batting: RHB Mackey Ivo 0-0: Ball
1-0: Ball
2-0: Swinging Strike
2-1: Grounds into double play, 6-4-3 (Groundball, 6, EV 88.1 MPH)
Billy Collins scores
Batting: LHB Brian Washington 0-0: Ball
1-0: Fly out, F2 (Popup, 25F, EV 95.0 MPH)
Bottom of the 9th over - 1 run, 1 hit, 0 errors, 0 left on base; Portsmouth 9 - Moscow 5
Thursday, May 9th , 2024 - OOTP Baseball 23.10 Build 110